 Dungeon Crawl Stone Soup version 0.29.1-12-g30fa7ad0bf (webtiles) character file.

Game seed: 13643516812327979968

58 112233 the Firebug (level 4, -10/42 HPs)
             Began as an Ogre Fire Elementalist on Dec 18, 2022.
             Killed from afar by an orc wizard (11 damage)
             ... with a puff of flame
             ... on level 3 of the Dungeon.
             The game lasted 00:01:50 (1347 turns).

112233 the Firebug (Ogre Fire Elementalist)         Turns: 1347, Time: 00:01:51

Health: -10/42     AC:  5    Str: 12    XL:     4   Next: 2%
Magic:  0/8        EV:  9    Int: 18    God:
Gold:   33         SH:  0    Dex:  9    Spells: 6/9 levels left

rFire   . . .      SeeInvis .   e - +0 short sword
rCold   . . .      Faith    .   (no shield)
rNeg    . . .      Spirit   .   a - +0 robe
rPois   .          Reflect  .   (helmet restricted)
rElec   .          Harm     .   g - +1 cloak
rCorr   .          Rampage  .   (gloves unavailable)
Will    .....                   (boots unavailable)
Stlth   +.........              (no amulet)
HPRegen 0.14/turn               (no ring)
MPRegen 0.11/turn               (no ring)

@: very slightly contaminated
A: large, unfitting armour, tough skin 1
a: no special abilities


You were on level 3 of the Dungeon.
You visited 1 branch of the dungeon, and saw 4 of its levels.

You collected 33 gold pieces.

Inventory:

Hand Weapons
 e - a +0 short sword (weapon)
Armour
 a - a +0 robe (worn)
 f - a +0 cloak
 g - a +1 cloak (worn)
Scrolls
 d - a scroll of torment


   Skills:
 + Level 2.0 Fighting
 - Level 1.7 Dodging
 - Level 1.4 Stealth
 + Level 3.1 Spellcasting
 - Level 0.8 Conjurations
 + Level 3.6 Fire Magic


You had 6 spell levels left.
You knew the following spells:

 Your Spells              Type           Power      Damage    Failure   Level
a - Foxfire               Conj/Fire      40%        2x1d6     6%          1
b - Scorch                Fire           30%        2d6       5%          2

Your spell library contained the following spells:

 Spells                   Type           Power      Damage    Failure   Level
 Conjure Flame            Conj/Fire      10%        6-21      19%         3
 Inner Flame              Hex/Fire       9%         N/A       22%         3
 Ozocubu's Armour         Ice            2%         N/A       43%         3
 Flame Wave               Conj/Fire      10%        2d6       54%         4
 Ozocubu's Refrigeration  Ice            1%         4d7       100%        7


Dungeon Overview and Level Annotations

Branches:
Dungeon (4/15)
 Temple: D:4-7

Altars:

Annotations:
D:3 exclusion: downstairs
D:4 Eustachio


Innate Abilities, Weirdness & Mutations

You are too large for most types of armour.
You have tough skin. (AC +1)


Message History

Unknown command.
The orc wizard attacks as you move away!
The orc wizard barely misses you.
The orc wizard points at you and mumbles some strange words.
The puff of flame hits you!
* * * LOW HITPOINT WARNING * * *
You aren't carrying any potions.
As you read the scroll labelled XAEXKYE KOZXOI, it crumbles to dust.
Your body is wracked with pain!
* * * LOW HITPOINT WARNING * * *
The orc wizard convulses!
It was a scroll of torment.
The orc wizard barely misses you.
Unknown command.
You aren't carrying any potions.
Unknown command.
You aren't carrying any items that you can evoke.
Unknown command.
Really read the scroll of torment?
As you read the scroll of torment, it crumbles to dust.
Your body is wracked with pain!
* * * LOW HITPOINT WARNING * * *
The orc wizard convulses!
The orc wizard hits you but does no damage.
Unknown command.
Unknown command.
Unknown command.
Okay, then.
Casting: Scorch (safe; 5% risk of failure)
Confirm with . or Enter, or press ? or * to list all spells.
You miscast Scorch.
You are very lightly contaminated with residual magic.
Nothing appears to happen.
The orc wizard hits you with a +0 dagger.
* * * LOW HITPOINT WARNING * * *
Unknown command.
You hit the orc wizard but do no damage.
The orc wizard is severely wounded.
The orc wizard casts a spell at you. The puff of flame hits you!
You die...

#####
############# $..#
#@...>......#
#.####o#########.#
#).)...# #.######
# ### #.....# #.
..# ###.### ##.#
###. ...
##...##... ###
##.....#.#.
.......)...


You could see an orc wizard.

Vanquished Creatures
  2 adders (D:3)
  5 orcs (D:3)
  3 bats
  3 endoplasms
  A giant cockroach (D:1)
  2 hobgoblins
  4 jackals (D:3)
  3 ball pythons
  2 frilled lizards
  4 kobolds
  3 rats (D:1)
32 creatures vanquished.

Vanquished Creatures (others)
  69 foxfires
69 creatures vanquished.

Grand Total: 101 creatures vanquished

Notes
Turn   | Place    | Note
-------+----------+-------------------------------------------
     0 | D:1      | 112233 the Ogre Fire Elementalist began the quest for the
                  | Orb.
     0 | D:1      | Reached XP level 1. HP: 16/16 MP: 3/3
   170 | D:1      | Reached XP level 2. HP: 24/24 MP: 0/5
   328 | D:1      | Learned a level 2 spell: Scorch
   490 | D:1      | You fall into a shaft and drop 1 floor!
   667 | D:3      | Reached skill level 1 in Fighting
   667 | D:3      | Reached XP level 3. HP: 33/33 MP: 0/7
  1275 | D:4      | Noticed Eustachio
  1328 | D:3      | Reached XP level 4. HP: 28/42 MP: 2/8
  1346 | D:3      | HP: 1/42 [orc wizard/+0 dagger (4)]
  1347 | D:3      | Killed from afar by an orc wizard

Illustrated notes

Levels and vault maps discovered:
D:1:      heliophobic_arrival_dark_side_of_the_moon, layout_basic, minivault_5
D:2:      layout_basic, ebering_ecumenical_altar_hall
D:3:      layout_loops_ring, kennysheep_generic_room_13
D:4:      layout_cave_pools, uniq_blork_the_orc, uniq_eustachio

Skill      XL: |  1  2  3 |
---------------+----------+-----
Fire Magic     | 3 |  3.6
Fighting       | 1 2 |  2.0
Spellcasting   | 3 |  3.1
Dodging        | |  1.7
Stealth        | |  1.4
Conjurations   | |  0.8

Action                   |  1- 3 |  4- 6 || total
-------------------------+-------+-------++-------
Melee: Short sword       |     7 |     7 ||    14
       Punch             |     1 |       ||     1
 Cast: Foxfire           |    45 |       ||    45
       Scorch            |    11 |     1 ||    12
  Use: Potion            |     3 |     1 ||     4
       Scroll            |       |     2 ||     2
Armor: Robe              |    16 |     7 ||    23
Dodge: Dodged            |    16 |     2 ||    18
